 Dungeon Crawl Stone Soup version 0.18.1-50-g88ac8fd (webtiles) character file.

88 Kokiki the Bolt Thrower (level 4, -7/33 HPs)
             Began as a Human Hunter on Sept 17, 2016.
             Mangled by a gnoll
             ... wielding a +0 flail
              (8 damage)
             ... on level 2 of the Dungeon.
             The game lasted 00:05:12 (1983 turns).

Kokiki the Bolt Thrower (Human Hunter)              Turns: 1983, Time: 00:05:13

Health: -7/33      AC:  9    Str: 13    XL:     4   Next: 81%
Magic:  4/4        EV:  6    Int: 12    God:
Gold:   98         SH:  0    Dex: 13    Spells: 0 memorised, 3 levels left

rFire  . . .     SeeInvis .     b - +0 short sword
rCold  . . .     Gourm    .     h - +0 chain mail
rNeg   . . .     Faith    .     (no shield)
rPois  .         Spirit   .     (no helmet)
rElec  .         Dismiss  .     c - +0 cloak
rCorr  .         Reflect  .     (no gloves)
SustAt .         Harm     .     (no boots)
MR     .....                    (no amulet)
Stlth  ..........               (no ring)
                                (no ring)

@: not resistant to hostile enchantments, extremely unstealthy
A: no striking features
a: no special abilities


You were on level 2 of the Dungeon.
You were hungry.

You visited 1 branch of the dungeon, and saw 3 of its levels.

You collected 98 gold pieces.

Inventory:

Hand Weapons
 a - a +1 hand crossbow
 b - a +0 short sword (weapon)
Missiles
 d - 17 bolts
Armour
 c - a +0 cloak (worn)
 h - a +0 chain mail (worn)
Scrolls
 i - a scroll of teleportation {unknown}
 k - 2 scrolls of random uselessness {unknown}
 l - a scroll of recharging
Potions
 e - a potion of resistance
 g - a potion of agility {unknown}
 j - a potion of flight
Comestibles
 f - a bread ration


   Skills:
 + Level 2.2 Fighting
 + Level 1.1 Short Blades
 + Level 5.0 Crossbows
 + Level 1.1 Armour
 + Level 2.6 Dodging
 + Level 1.0 Stealth


You had 3 spell levels left.
You didn't know any spells.

Dungeon Overview and Level Annotations

Branches:
Dungeon (3/15)

Altars:


Message History

You hit the hobgoblin.
You kill the hobgoblin!
The kobold hits you but does no damage.
You closely miss the gnoll. The kobold hits you but does no damage.
Your chain mail prevents you from hitting the gnoll.
The gnoll hits you with a flail! The kobold hits you but does no damage.
You closely miss the gnoll. The gnoll hits you with a flail!
The kobold hits you with a short sword.
* * * LOW HITPOINT WARNING * * *
You hit the gnoll.
The gnoll is moderately wounded.
The kobold hits you but does no damage. The gnoll hits you with a flail!
* * * LOW HITPOINT WARNING * * *
You hit the gnoll.
The gnoll is heavily wounded.
The kobold hits you but does no damage. The gnoll barely misses you.
Your chain mail prevents you from hitting the gnoll.
The gnoll is heavily wounded.
The kobold hits you but does no damage. The gnoll hits you with a flail!
You die...

.'......# #.#
.####...# #.# .#
#...# #.# ## #...#
#.# ### #...# #.#
..# #...# #.# #.#
##.## #.# #.# #.#
#K# #.# #.# #@#
#.# #.# #g# #.#
#.# #.#
#.####.#########.#
#.#>.............#
#.#.##.###########
#...#....#
########.#
.......#.#


You could see a gnoll and a kobold.

Vanquished Creatures
  Jessica (D:2)
  3 oozes
  A worm (D:2)
  A giant gecko (D:2)
  2 ball pythons
  A giant cockroach (D:2)
  6 goblins
  10 hobgoblins
  5 bats
  4 kobolds
  7 rats
41 creatures vanquished.

Notes
Turn   | Place    | Note
--------------------------------------------------------------
     0 | D:1      | Kokiki the Human Hunter began the quest for the Orb.
     0 | D:1      | Reached XP level 1. HP: 16/16 MP: 1/1
   193 | D:1      | Reached XP level 2. HP: 21/22 MP: 2/2
   691 | D:2      | Reached XP level 3. HP: 21/27 MP: 3/3
  1328 | D:2      | Reached XP level 4. HP: 33/33 MP: 4/4
  1420 | D:2      | Noticed Jessica
  1441 | D:2      | Killed Jessica
  1441 | D:2      | Reached skill level 5 in Crossbows
  1441 | D:2      | Reached skill level 1 in Armour
  1455 | D:2      | Reached skill level 1 in Short Blades
  1981 | D:2      | HP: 1/33 [gnoll/flail (8)]
  1983 | D:2      | Mangled by a gnoll

Skill      XL: |  1  2  3  4 |
---------------+-------------+-----
Crossbows      | 5 |  5.0
Armour         | 1 |  1.1
Short Blades   | 1 |  1.1
Fighting       | |  2.2
Dodging        | |  2.6
Stealth        | |  1.0

Action                   |  1- 3 |  4- 6 || total
-------------------------+-------+-------++-------
Melee: Short sword       |   110 |    58 ||   168
 Fire: Hand crossbow     |    16 |       ||    16
  Use: Potion            |     1 |       ||     1
       Scroll            |     4 |       ||     4
  Eat: Chunk             |     1 |     2 ||     3
Armor: Chain mail        |   104 |    26 ||   130
       Leather armour    |     4 |       ||     4
Dodge: Dodged            |    47 |    17 ||    64
